 Dungeon Crawl Stone Soup version 0.26.1-2-gb8aa6d0cf2 (webtiles) character file.

Game seed: 18229275177194445734

1908 windgrace the Magician (level 8, -9/51 HPs)
             Began as a Mummy Necromancer on Feb 12, 2021.
             Was a High Priest of Ru.
             Mangled by a yak (18 damage)
             ... on level 9 of the Dungeon.
             The game lasted 01:42:23 (11230 turns).

windgrace the Magician (Mummy Necromancer)         Turns: 11230, Time: 01:42:24

Health: -9/51      AC:  8    Str: 14    XL:     8   Next: 94%
Magic:  17/27      EV: 13    Int: 23    God:    Ru [*****.]
Gold:   298        SH:  0    Dex: 12    Spells: 0/21 levels left

rFire    x . .     SeeInvis .   z - +1 halberd of Sietz {pain, Int+2}
rCold    + . .     Faith    +   (shield currently unavailable)
rNeg     + + +     Spirit   .   D - +2 robe "Qashrab" {rCorr Str+3}
rPois    ∞         Reflect  .   q - +1 helmet {Int+3}
rElec    .         Harm     .   (no cloak)
rCorr    +         Rampage  .   W - +0 pair of gloves
Will     +....                  v - +0 pair of boots
Stlth    ++........             t - amulet of faith
HPRegen  0.17/turn              L - ring of wizardry
MPRegen  0.20/turn              o - ring of magical power

@: no status effects
A: no potions, fire vulnerability, cold resistance 1, frail 2, negative energy
resistance 3, torment resistance, unbreathing, inexperienced 1
a: Renounce Religion, Draw Out Power, Power Leap, Apocalypse


You were on level 9 of the Dungeon.
You worshipped Ru.
Ru was extremely pleased with you.
You visited 2 branches of the dungeon, and saw 10 of its levels.

You collected 478 gold pieces.
You spent 180 gold pieces at shops.

Inventory:

Hand Weapons
 f - a +0 club
 s - a +3 club
 u - a +3 short sword
 z - the +1 halberd of Sietz (weapon) {pain, Int+2}
   (You bought it in a shop on level 4 of the Dungeon)

   In the hands of one skilled in necromantic magic, it inflicts extra damage on
   living creatures.
   It affects your intelligence (+2).
 F - a +4 great sword of freezing
 G - a cursed +5 falchion
 H - a cursed +2 halberd of distortion
 J - a +2 short sword of flaming
 N - a +2 antimagic flail
 Q - a +4 battleaxe
 R - a +4 hand axe
 X - a +0 giant spiked club
Missiles
 c - 26 boomerangs (quivered)
 P - 8 atropa-tipped darts
Armour
 a - a +0 robe
 q - a +1 helmet of intelligence (worn)
 r - a +0 animal skin
 v - a +0 pair of boots (worn)
 D - the +2 robe "Qashrab" (worn) {rCorr Str+3}
   (You found it on level 4 of the Dungeon)

   It affects your strength (+3).
   It provides partial protection from all sources of acid and corrosion.
 M - +0 steam dragon scales
 S - a +2 leather armour of fire resistance
 W - a +0 pair of gloves (worn)
Jewellery
 d - a +4 ring of protection
 g - a +6 ring of dexterity
 j - an uncursed ring of see invisible
 k - an uncursed ring of protection from fire
 l - an uncursed ring of protection from fire
 o - a ring of magical power (right hand)
 t - an amulet of faith (around neck)
 x - an uncursed ring of see invisible
 A - an uncursed ring of flight
 C - an uncursed ring of willpower
 E - an uncursed amulet of faith
 K - an uncursed amulet of the acrobat {unknown}
 L - a ring of wizardry (left hand)
 T - an uncursed amulet of magic regeneration {unknown}
 V - an uncursed ring of stealth {unknown}
Wands
 p - a wand of polymorph (8)
 w - a wand of paralysis (2)
 y - a wand of flame (49)
 B - a wand of enslavement (5)
 I - a wand of digging (7)
 U - a wand of acid (3)
 Y - a wand of iceblast (4)
Scrolls
 b - a scroll of teleportation {unknown}
 h - 2 scrolls of identify
 i - 2 scrolls of enchant armour {unknown}
 m - 4 scrolls of remove curse
 n - 4 scrolls of magic mapping {unknown}
 O - 2 scrolls of enchant weapon {unknown}


   Skills:
 + Level 6.0 Fighting
 * Level 2.5 Long Blades
 - Level 4.0 Polearms
 - Level 1.7 Throwing
 - Level 4.0 Dodging
 - Level 1.5 Stealth
 - Level 7.0 Spellcasting
 - Level 5.0 Summonings
 - Level 6.0 Necromancy
 + Level 4.9 Poison Magic


You couldn't memorise any spells.
You knew the following spells:

 Your Spells              Type           Power        Failure   Level
a - Pain                  Necr           100%         1%          1
b - Animate Skeleton      Necr           70%          1%          1
c - Vampiric Draining     Necr           17%          1%          3
d - Animate Dead          Necr           17%          2%          4
e - Call Imp              Summ           31%          1%          2
f - Mephitic Cloud        Conj/Pois/Air  15%          4%          3
g - Blink                 Tloc           N/A          4%          2
h - Agony                 Necr           35%          8%          5

Your spell library contained the following spells:

 Spells                   Type           Power        Failure   Level
 Magic Dart               Conj           32%          3%          1
 Slow                     Hex            8%           4%          2
 Conjure Flame            Conj/Fire      8%           9%          3


Dungeon Overview and Level Annotations

Branches:
Dungeon (9/15)             Temple (1/1) D:4
   Lair: D:8-11         Orc: D:9-12

Altars:
Ashenzari
Cheibriados
Dithmenos
Elyvilon
Fedhas
Gozag
Hepliaklqana
Kikubaaqudgha
Makhleb
Nemelex Xobeh
Okawaru
Qazlal
Ru
Sif Muna
Trog
Uskayaw
Vehumet
Wu Jian
Xom
Yredelemnul
Zin
The Shining One

Shops:
D:4 (


Innate Abilities, Weirdness & Mutations

You do not drink.
Your flesh is vulnerable to fire.
You are immune to poison.
Your flesh is cold resistant. (rC+)
You are very frail. (-20% HP)
You are immune to negative energy. (rN+++)
You are immune to unholy pain and torment.
You can survive without breathing.
You are somewhat inexperienced. (-2 XL)


Message History

The yak is heavily wounded.
The yak is engulfed in noxious fumes.
The yak appears confused.
The yak is engulfed in noxious fumes.
The yak appears confused.
The yak barely misses you.
Your white imp barely misses the orc.
Your crimson imp hits the yak but does no damage.
The yak is engulfed in noxious fumes.
The yak appears confused.
The yak gores you!
You hit the yak.
The yak is severely wounded.
The yak snorts and paws the ground.
The orc hits your white imp with a +0 trident.
The yak is engulfed in noxious fumes.
The yak appears confused.
The yak gores you!
Your white imp barely misses the orc.
Your crimson imp blinks!
The yak is engulfed in noxious fumes.
The yak appears confused.
The yak gores you!
* * * LOW HITPOINT WARNING * * *
The yak is engulfed in noxious fumes.
The yak appears confused.
The yak barely misses your white imp. The yak gores you!!
You die...

### ##.##### #...#..#
#......# #.....######
#####.....##...#
#@Y5...5...[...##.
##YY.......[).))...
#oY5.......[###....
###.###.....## #....
##.#.####.....# .....
.#.....###..##.#
#.#.. ............[.#
...###.#
....#......[[####...#
.# ... ##.........#
#.## .#


You could see 4 yaks, an orc, 2 friendly crimson imps and a friendly white imp
(summoned).

Vanquished Creatures
  A two-headed ogre (D:8)
  The ghost of axecop the Insei, a novice DsAK of Lugonu (D:5)
  Maggie (D:7)
  3 wyverns (D:9)
  A water moccasin (D:9)
  2 sky beasts
  2 orc warriors
  2 ice beasts
  2 ogres
  3 phantoms
  5 bullfrogs
  A scorpion (D:9)
  6 wights
  A howler monkey (D:6)
  4 hounds
  6 orc wizards
  6 orc priests
  A bullfrog skeleton (D:5)
  An iguana (D:5)
  Ijyb (D:3)
  Terence (D:3)
  Natasha (thrice) (D:3)
  A worker ant (D:8)
  2 hound skeletons
  Robin (D:2)
  A worker ant zombie (D:8)
  16 gnolls
  A howler monkey skeleton (D:6)
  9 adders
  3 shadow imps
  An ufetubus (D:6)
  2 oozes
  A worm (D:3)
  4 dart slugs
  6 leopard geckos
  27 orcs
  A ball python (D:3)
  7 bats
  7 giant cockroaches
  4 hobgoblins
  4 jackals
  5 quokkas
  3 frilled lizards
  18 goblins
  5 kobolds
  4 rats
187 creatures vanquished.

Vanquished Creatures (collateral kills)
  A water moccasin (D:9)
  An ogre (D:7)
  2 bullfrogs
  A gnoll sergeant (D:6)
  2 scorpions (D:8)
  A bullfrog zombie (D:6)
  A quasit (D:6)
  4 hounds
  2 orc priests (D:4)
  A bullfrog skeleton (D:7)
  An iguana (D:4)
  2 worker ants (D:5)
  4 orc wizards
  3 gnolls
  2 howler monkey skeletons
  A river rat (D:5)
  2 ufetubi
  An adder skeleton (D:5)
  2 worms (D:4)
  A dart slug (D:2)
  2 leopard geckos
  11 orcs
  3 ball pythons
  A giant cockroach (D:3)
  A goblin (D:1)
  A hobgoblin (D:3)
  7 jackals
  A quokka (D:5)
  2 rats
64 creatures vanquished.

Vanquished Creatures (others)
  A fungus (D:9)
  21 plants (D:9)
22 creatures vanquished.

Grand Total: 273 creatures vanquished

Notes
Turn   | Place    | Note
-------+----------+-------------------------------------------
     0 | D:1      | windgrace the Mummy Necromancer began the quest for the
                  | Orb.
     0 | D:1      | Reached XP level 1. HP: 13/13 MP: 4/4
    20 | D:1      | Reached skill level 3 in Spellcasting
   115 | D:1      | Reached XP level 2. HP: 19/19 MP: 1/6
   117 | D:1      | Learned a level 1 spell: Animate Skeleton
   818 | D:1      | Reached XP level 3. HP: 24/24 MP: 6/8
   841 | D:1      | Learned a level 3 spell: Vampiric Draining
  1206 | D:2      | Noticed Robin
  1325 | D:2      | Reached skill level 1 in Throwing
  1413 | D:2      | Reached XP level 4. HP: 30/30 MP: 6/9
  1441 | D:2      | Learned a level 4 spell: Animate Dead
  1893 | D:2      | Killed Robin
  1894 | D:2      | Reached skill level 4 in Spellcasting
  2742 | D:3      | Reached XP level 5. HP: 32/35 MP: 10/11
  2847 | D:3      | Reached skill level 5 in Necromancy
  2891 | D:3      | Noticed Terence
  2897 | D:3      | Killed Terence
  2899 | D:3      | Noticed Ijyb
  2908 | D:3      | Killed Ijyb
  3098 | D:3      | Noticed Natasha
  3102 | D:3      | Killed Natasha
  3246 | D:3      | Reached XP level 6. HP: 32/41 MP: 8/13
  3375 | D:3      | Learned a level 2 spell: Call Imp
  3474 | D:3      | Found an ornate altar of the Wu Jian Council.
  3475 | D:3      | Found a shadowy altar of Dithmenos.
  3476 | D:3      | Found an iron altar of Okawaru.
  3477 | D:3      | Found a white marble altar of Elyvilon.
  3478 | D:3      | Found a sacrificial altar of Ru.
  3479 | D:3      | Found a glowing golden altar of the Shining One.
  3481 | D:3      | Found a basalt altar of Yredelemnul.
  3485 | D:3      | Became a worshipper of Ru the Awakened
  3768 | D:3      | Noticed Natasha
  3777 | D:3      | Killed Natasha
  3778 | D:3      | Reached skill level 5 in Spellcasting
  3876 | D:3      | Noticed Natasha
  3889 | D:3      | Killed Natasha
  4129 | D:4      | Found Irchabi's Antique Weapon Shop.
  4132 | D:4      | Bought a jewelled halberd for 180 gold pieces
  4132 | D:4      | Identified the +1 halberd of Sietz {pain, Int+2} (You
                  | bought it in a shop on level 4 of the Dungeon)
  4137 | D:4      | Learned a level 3 spell: Mephitic Cloud
  4342 | D:4      | Reached skill level 1 in Summonings
  4471 | D:4      | Reached skill level 1 in Polearms
  4471 | D:4      | Reached XP level 7. HP: 35/46 MP: 14/14
  4657 | D:4      | Found a sacrificial altar of Ru.
  4841 | D:4      | Found a staircase to the Ecumenical Temple.
  4847 | Temple   | Entered the Ecumenical Temple
  5143 | D:4      | Got a sheer robe
  5154 | D:4      | Identified the +2 robe "Qashrab" {rCorr Str+3} (You found
                  | it on level 4 of the Dungeon)
  5540 | D:5      | Entered Level 5 of the Dungeon
  5808 | D:5      | Gained mutation: You are frail. (-10% HP) [Ru sacrifice]
  5808 | D:5      | Reached * piety under Ru
  5808 | D:5      | Reached ** piety under Ru
  5852 | D:5      | You fall into a shaft and drop 3 floors!
  6183 | D:8      | Reached XP level 8. HP: 25/46 MP: 16/16
  6213 | D:8      | Noticed a two-headed ogre
  6224 | D:8      | Killed a two-headed ogre
  6225 | D:8      | Reached skill level 6 in Spellcasting
  6553 | D:8      | Reached skill level 7 in Spellcasting
  6615 | D:8      | Reached skill level 5 in Summonings
  6742 | D:8      | Reached XP level 9. HP: 52/52 MP: 17/19
  6811 | D:8      | Reached skill level 1 in Fighting
  6823 | D:8      | Reached skill level 1 in Poison Magic
  7350 | D:9      | Gained mutation: You are very frail. (-20% HP) [Ru
                  | sacrifice]
  7350 | D:9      | Reached *** piety under Ru
  7765 | D:7      | Noticed Maggie
  7794 | D:7      | Killed Maggie
  8160 | D:6      | Reached skill level 5 in Fighting
  9236 | D:6      | Gained mutation: You are somewhat inexperienced. (-2 XL)
                  | [Ru sacrifice]
  9236 | D:6      | Reached XP level 8. HP: 50/50 MP: 26/27
  9236 | D:6      | Reached XP level 7. HP: 44/44 MP: 26/26
  9236 | D:6      | Reached **** piety under Ru
  9236 | D:6      | Reached ***** piety under Ru
  9313 | D:6      | Reached XP level 8. HP: 27/50 MP: 18/18
  9714 | D:5      | Reached skill level 1 in Long Blades
  9857 | D:5      | Found a runed translucent door.
  9862 | D:5      | Noticed axecop's ghost (novice DsAK)
  9916 | D:5      | Killed axecop's ghost
 10119 | D:5      | Found a runed translucent door.
 10137 | D:5      | Learned a level 2 spell: Blink
 10143 | D:5      | Learned a level 5 spell: Agony
 10442 | D:7      | Found a broken altar of Ashenzari.
 11230 | D:9      | Mangled by a yak

Illustrated notes

Levels and vault maps discovered:
D:1:      minmay_arrival_three_doors, layout_loops_ring, minmay_tall_x
D:2:      layout_rooms, uniq_robin
D:3:      layout_loops_ring, minitemple, uniq_natasha, uniq_terence, uniq_ijyb
D:4:      layout_basic, minmay_temple_entry_enclosed_plants, serial_shops, shop,
          gup_sewer_entry_spiral, nicolae_ru_path_of_blood
D:5:      minmay_skewed_foursquare, layout_cave_pools, ebering_ghost_sewer_f
D:6:      layout_basic
D:7:      layout_rooms, basic_altar, uniq_maggie
D:8:      layout_layer_cave, eino_small_chamber_without_monster
D:9:      layout_cave_pools, minmay_lair_entry_grove, basic_altar
Temple:   bh_familiar_temple

Skill      XL: |  1  2  3  4  5  6  7  8  9 |
---------------+----------------------------+-----
Spellcasting   | 3 4 5 7 |  7.0
Throwing       | 1 |  1.7
Necromancy     | 5 6 |  6.0
Dodging        | 2 3 4 |  4.0
Summonings     | 1 3 5 |  5.0
Polearms       | 1 2 3 4 |  4.0
Fighting       | 6 5 |  6.0
Poison Magic   | 4 |  4.9
Long Blades    | 2 |  2.5
Stealth        | |  1.5

Action                   |  1- 3 |  4- 6 |  7- 9 || total
-------------------------+-------+-------+-------++-------
Melee: Unarmed           |    22 |       |       ||    22
       Club              |    17 |    51 |       ||    68
       Halberd           |       |    21 |   284 ||   305
       Short sword       |       |    13 |       ||    13
       Great sword       |       |       |    43 ||    43
Throw: Boomerang         |    32 |    16 |     5 ||    53
 Cast: Pain              |    39 |    37 |    20 ||    96
       Animate Skeleton  |    10 |    13 |    12 ||    35
       Vampiric Draining |     3 |    30 |    25 ||    58
       Animate Dead      |       |     7 |    16 ||    23
       Call Imp          |       |    22 |   106 ||   128
       Mephitic Cloud    |       |       |    22 ||    22
Invok: Sacrifice Health  |       |       |     2 ||     2
       Sacrifice Experie |       |       |     1 ||     1
  Use: Scroll            |       |     2 |     4 ||     6
 Stab: Sleeping          |     2 |     5 |     6 ||    13
       Distracted        |       |       |     6 ||     6
       Confused          |       |       |     8 ||     8
       Paralysed         |       |       |     2 ||     2
Armor: Robe              |    34 |    48 |    78 ||   160
Dodge: Dodged            |    50 |   124 |   223 ||   397
       Rpst.: Great sword |       |       |     8 ||     8
